 Dungeon Crawl Stone Soup version 0.21-a0-538-gd16b88a (webtiles) character file.

35 M4edhros the Sneak (level 3, -1/23 HPs)
             Began as an Octopode Artificer on Dec 16, 2017.
             Slain by an orc
             ... wielding a cursed +0 hand axe
              (7 damage)
             ... on level 3 of the Dungeon.
             The game lasted 00:01:51 (349 turns).

M4edhros the Sneak (Octopode Artificer)              Turns: 349, Time: 00:01:52

Health: -1/23      AC:  1    Str: 11    XL:     3   Next: 35%
Magic:  5/5        EV: 13    Int: 13    God:
Gold:   33         SH:  0    Dex: 13    Spells: 2/2 levels left

rFire    . . .     SeeInvis .   j - +2 dagger (venom)
rCold    . . .     Gourm    .   (no shield)
rNeg     . . .     Faith    .   (helmet restricted)
rPois    .         Spirit   .   (no amulet)
rElec    .         Reflect  .   s - ring of loudness
rCorr    .         Harm     .   (no ring)
MR       .....                  (no ring)
Stlth    +++.......             (no ring)
HPRegen  0.07/turn              (no ring)
MPRegen  0.09/turn              (no ring)
                                (no ring)
                                (no ring)

@: no status effects
A: almost no armour, stealthy swim, amphibious, 8 rings, constrict 8, camouflage
1, gelatinous body 1
a: no special abilities


You were on level 3 of the Dungeon.
You were not hungry.

You visited 1 branch of the dungeon, and saw 3 of its levels.

You collected 33 gold pieces.

Inventory:

Hand Weapons
 a - a +0 short sword
 j - a +2 dagger of venom (weapon)
 n - a +0 hunting sling
Missiles
 o - 28 stones (quivered)
 r - 14 sling bullets
Jewellery
 s - a ring of loudness (left tentacle)
Wands
 b - a wand of flame (14)
 c - a wand of enslavement (15)
 d - a wand of random effects (15)
Scrolls
 e - 2 scrolls of fog
 i - a scroll of blinking {unknown}
 k - a scroll of teleportation
Potions
 h - a potion of agility {unknown}
 m - 2 potions of might {unknown}
 q - a potion of haste {unknown}
Comestibles
 f - a bread ration
 p - a meat ration


   Skills:
 - Level 1.0 Fighting
 - Level 1.0 Short Blades
 - Level 2.0 Dodging
 + Level 4.6 Stealth
 - Level 3.2 Evocations


You had 2 spell levels left.
You didn't know any spells.

Dungeon Overview and Level Annotations

Branches:
Dungeon (3/15)

Altars:


Innate Abilities, Weirdness & Mutations

You cannot wear most types of armour.
You are very stealthy in the water. (Stealth+)
You are amphibious.
You can wear up to eight rings at the same time.
You can use your tentacles to constrict eight enemies at once.
Your skin changes colour to match your surroundings (Stealth+).
Your rubbery body absorbs attacks. (AC +1, EV +1)


Message History

You miss the leopard gecko. Your grab misses the leopard gecko.
Your squeeze misses the leopard gecko.
The leopard gecko is lightly wounded.
The leopard gecko bites you.
You barely miss the leopard gecko. Your grab misses the leopard gecko.
You squeeze the leopard gecko.
You kill the leopard gecko!
As you read the scroll of remove curse, it crumbles to dust.
You feel as if something is helping you.
You closely miss the orc. Your grab misses the orc.
The orc hits you with a hand axe.
* * * LOW HITPOINT WARNING * * *
You hit the orc.
The orc is poisoned.
Your grab misses the orc. Your squeeze misses the orc.
The orc is lightly wounded.
The orc closely misses you.
You closely miss the orc. You grab the orc.
The orc is lightly wounded.
You constrict the orc. The orc hits you with a hand axe!
You die...

#... #### #### .#
#...##.. ..# .# #...##.#
#.# .###
#...##.#####.##...#
#####.............<...#
..................#...#
..................##....
.>..........†.....# ###.
####..@.#.##.#.#.#
#..o....)...#.#
#...#########.. #...#
###. #.... . #...# l
#)..# ...##


You could see an orc.

Vanquished Creatures
  An adder (D:3)
  A worm (D:2)
  A dart slug (D:1)
  A leopard gecko (D:3)
  6 goblins
  2 hobgoblins
  2 jackals (D:2)
  A kobold (D:2)
  A quokka (D:2)
  A bat (D:3)
17 creatures vanquished.

Notes
Turn   | Place    | Note
-------+----------+-------------------------------------------
     0 | D:1      | M4edhros the Octopode Artificer began the quest for the Orb.
     0 | D:1      | Reached XP level 1. HP: 13/13 MP: 3/3
    63 | D:1      | Reached skill level 2 in Stealth
    94 | D:1      | Reached XP level 2. HP: 17/18 MP: 4/4
   181 | D:3      | Reached skill level 3 in Stealth
   229 | D:2      | Reached skill level 4 in Stealth
   234 | D:2      | Reached XP level 3. HP: 17/23 MP: 5/5
   349 | D:3      | Slain by an orc

Vault maps used:
D:1:      minmay_arrival_radiant_lines
D:2:      lemuel_round_altar, uniq_robin
D:3:      first_bread

Skill      XL: |  1  2 |
---------------+-------+-----
Stealth        | 2 4 |  4.6
Fighting       | |  1.0
Short Blades   | |  1.0
Dodging        | |  2.0
Evocations     | |  3.2

Action                   || total
-------------------------++-------
Melee: Short sword       ||     7
       Constrict         ||     9
       Dagger            ||    29
       Tentacles         ||     8
Evoke: Wand              ||     1
  Use: Scroll            ||     4
 Stab: Sleeping          ||     3
Armor: Skin              ||     1
Dodge: Dodged            ||    15

Table legend:
 A = Spawn XP
 B = Non-spawn XP
 C = Spawn XP percentage of total XP
 D = Spawn monster count
 E = Non-spawn monster count
 F = Spawn count percentage of total count
 G = Total turns spent on level
                    A         B        C        D         E        F      G
               +---------+---------+-------+---------+---------+-------+---------
         Total |       0 |      51 |   0.0 |       0 |      17 |   0.0 |   349
               +---------+---------+-------+---------+---------+-------+---------
           D:1 |       0 |      10 |   0.0 |       0 |       4 |   0.0 |   132
           D:2 |       0 |      21 |   0.0 |       0 |       9 |   0.0 |   163
           D:3 |       0 |      20 |   0.0 |       0 |       4 |   0.0 |    54
               +---------+---------+-------+---------+---------+-------+---------
